 Dungeon Crawl Stone Soup version 0.20.1-1-g8b1a95d (webtiles) character file.

301 Knicklaso the Cudgeler (level 6, -5/62 HPs)
             Began as an Ogre Warper on July 25, 2017.
             Killed from afar by an orc wizard (9 damage)
             ... with a puff of frost
             ... on level 5 of the Dungeon.
             The game lasted 00:15:40 (5079 turns).

Knicklaso the Cudgeler (Ogre Warper)                Turns: 5079, Time: 00:15:41

Health: -5/62      AC:  3    Str: 18    XL:     6   Next: 37%
Magic:  0/10       EV: 10    Int: 14    God:
Gold:   169        SH:  0    Dex:  8    Spells: 3/10 levels left

rFire    . . .     SeeInvis .   a - +0 mace
rCold    . . .     Gourm    .   (no shield)
rNeg     . . .     Faith    .   b - +0 robe
rPois    .         Spirit   .   (helmet restricted)
rElec    .         Reflect  .   (no cloak)
rCorr    .         Harm     .   (gloves unavailable)
MR       .....                  (boots unavailable)
Stlth    +.........             (no amulet)
Regen    0.2/turn               (no ring)
MPRegen  0.2/turn               (no ring)

@: lethally poisoned (-5 -> -7), marked, very slightly contaminated
A: unfitting armour, tough skin 1
a: no special abilities


You were on level 5 of the Dungeon.
You were not hungry.

You visited 1 branch of the dungeon, and saw 7 of its levels.

You collected 169 gold pieces.

Inventory:

Hand Weapons
 a - a +0 mace (weapon)
 D - a cursed +0 mace
Missiles
 e - 5 tomahawks of dispersal
 h - 5 tomahawks (quivered)
Armour
 b - a +0 robe (worn)
 l - a +0 cloak
Jewellery
 C - an uncursed ring of positive energy {unknown}
Wands
 v - a wand of flame (18/48)
Scrolls
 d - 2 scrolls of blinking
 g - 3 scrolls of identify {unknown}
 i - 3 scrolls of teleportation {unknown}
 q - 3 scrolls of amnesia {unknown}
 u - a scroll of noise {unknown}
 w - a scroll of recharging {unknown}
 y - 2 scrolls of magic mapping {unknown}
 z - a scroll of enchant weapon {unknown}
 B - a scroll of remove curse {unknown}
Potions
 j - a potion of curing
 k - 2 potions of might
 m - a potion of magic {unknown}
 n - a potion of cancellation {unknown}
 o - 2 potions of agility {unknown}
 p - 2 potions of haste {unknown}
 s - a potion of heal wounds {unknown}
 t - a potion of lignification {unknown}
 x - a potion of flight {unknown}
 A - a potion of ambrosia {unknown}
Books
 c - a book of Spatial Translocations

   Spells                             Type                      Level
   a - Blink                          Translocation                2
   b - Shroud of Golubria             Charms/Translocation         2
   c - Lesser Beckoning               Translocation                3
   d - Gell's Gravitas                Translocation                3
   e - Teleport Other                 Translocation                3
   f - Passage of Golubria            Translocation                4
Comestibles
 f - a bread ration
 r - a meat ration


   Skills:
 - Level 4.0 Fighting
 * Level 4.6 Maces & Flails
 - Level 1.0 Throwing
 - Level 2.1 Dodging
 - Level 0.2 Stealth
 + Level 2.9 Spellcasting
 - Level 1.1 Charms
 + Level 3.3 Translocations


You had 3 spell levels left.
You knew the following spells:

 Your Spells              Type           Power        Failure   Level  Hunger
a - Shroud of Golubria    Chrm/Tloc      #.........   13%         2    ##.....
b - Blink                 Tloc           N/A          9%          2    ##.....
c - Teleport Other        Tloc           ##......     16%         3    ###....


Dungeon Overview and Level Annotations

Branches:
Dungeon (7/15)
 Temple: D:4-7

Altars:
Okawaru
Qazlal
Zin

Shops:
D:3 *

Annotations:
D:5 Pikel


Innate Abilities, Weirdness & Mutations

You are too large for most types of armour.
You have tough skin. (AC +1)


Message History

The crimson imp disappears for a moment.
The adder bites you.
* * * LOW HITPOINT WARNING * * *
You are more poisoned.
The adder poisons you!
You feel sick.
Found 26 sling bullets.
Casting: Shroud of Golubria
Confirm with . or Enter, or press ? or * to list all spells.
You blink.
A giant cockroach zombie comes into view.
You feel sick.
You feel sick. The frilled lizard barely misses you.
The adder barely misses you.
You hit the giant cockroach zombie.
The giant cockroach zombie is heavily damaged.
You hear some strange, mumbled words.
A puff of frost appears from out of thin air!
The puff of frost hits you!
You die...

..# ..# .##...#######
..# ............# ..#
#..........# ..#
.#..........# ..#####
............# .......
S.....(.....# .......
......Z.....# .......
.......@....# .###...
#.....l.S...#####.#
.# .
#..................
##
......####........#
####
#.##..####5########
...... # #..#..#.#
........ #..#..#5#
.......######..#..#.#
............#.....#.#


You could see a crimson imp, 2 adders, a giant cockroach zombie and a frilled
lizard.

Vanquished Creatures
  A centaur skeleton (D:6)
  An iguana (D:6)
  An orc wizard (D:4)
  A worker ant (D:4)
  3 gnolls (D:2)
  9 adders
  A howler monkey skeleton (D:6)
  2 worms
  A dart slug (D:2)
  2 leopard geckos
  4 orcs
  5 giant cockroaches
  8 goblins
  10 hobgoblins
  8 kobolds
  A ball python (D:1)
  2 bats
  5 frilled lizards
  11 rats
76 creatures vanquished.

Vanquished Creatures (others)
  4 toadstools (D:1)
4 creatures vanquished.

Grand Total: 80 creatures vanquished

Notes
Turn   | Place    | Note
-------+----------+-------------------------------------------
     0 | D:1      | Knicklaso the Ogre Warper began the quest for the Orb.
     0 | D:1      | Reached XP level 1. HP: 22/22 MP: 3/3
   229 | D:1      | Reached XP level 2. HP: 25/31 MP: 5/5
   241 | D:1      | Learned a level 2 spell: Shroud of Golubria
   244 | D:1      | Learned a level 2 spell: Blink
  1358 | D:1      | Reached XP level 3. HP: 37/37 MP: 6/6
  1837 | D:2      | Reached XP level 4. HP: 41/46 MP: 4/7
  2535 | D:2      | Found an iron altar of Okawaru.
  2622 | D:2      | Reached XP level 5. HP: 17/54 MP: 1/8
  3200 | D:3      | Found a stormy altar of Qazlal.
  3630 | D:3      | Found Zin's Purification Station.
  3643 | D:3      | Found a glowing silver altar of Zin.
  3800 | D:4      | Reached skill level 1 in Charms
  3816 | D:4      | HP: 2/54 [orc/hand axe (3)]
  4261 | D:4      | Reached XP level 6. HP: 39/62 MP: 5/9
  4310 | D:5      | Entered Level 5 of the Dungeon
  4429 | D:4      | You fall through a shaft for 3 floors!
  4429 | D:7      | Noticed a sky beast
  4754 | D:6      | Learned a level 3 spell: Teleport Other
  4821 | D:6      | Noticed an ice beast
  4892 | D:6      | Noticed a phantom
  5040 | D:5      | Noticed a slave
  5040 | D:5      | Noticed a slave
  5040 | D:5      | Noticed Pikel
  5040 | D:5      | Noticed a slave
  5040 | D:5      | Noticed a slave
  5053 | D:5      | Noticed a phantom
  5079 | D:5      | Killed from afar by an orc wizard

Skill      XL: |  1  2  3  4  5 |
---------------+----------------+-----
Maces & Flails | 2 3 4 |  4.6
Fighting       | 3 4 |  4.0
Translocations | 3 |  3.3
Charms         | 1 |  1.1
Throwing       | |  1.0
Dodging        | |  2.1
Stealth        | |  0.2
Spellcasting   | |  2.9

Action                   |  1- 3 |  4- 6 || total
-------------------------+-------+-------++-------
Melee: Mace              |   126 |   272 ||   398
Throw: Tomahawk          |       |     6 ||     6
 Cast: Shroud of Golubri |     7 |    48 ||    55
       Blink             |       |     6 ||     6
Evoke: Wand              |       |     2 ||     2
  Use: Potion            |       |     1 ||     1
  Eat: Chunk             |     4 |    10 ||    14
       Bread ration      |       |     1 ||     1
       Fruit             |       |     1 ||     1
Armor: Robe              |    36 |    68 ||   104
Dodge: Dodged            |    98 |   175 ||   273
